 Dungeon Crawl Stone Soup version 0.28.0-1-gb440e238dd (webtiles) character file.

Game seed: 11280684603294688333

107 Ablot the Grasshopper (level 4, -4/38 HPs)
             Began as a Gnoll Warper on Feb 22, 2022.
             Slain by an iguana (8 damage)
             ... on level 4 of the Dungeon.
             The game lasted 00:04:13 (3157 turns).

Ablot the Grasshopper (Gnoll Warper)                Turns: 3157, Time: 00:04:13

Health: -4/38      AC:  7    Str: 12    XL:     4   Next: 86%
Magic:  11/11      EV: 13    Int: 12    God:
Gold:   134        SH:  0    Dex: 12    Spells: 11/13 levels left

rFire   . . .      SeeInvis .   a - +0 spear
rCold   . . .      Faith    .   (no shield)
rNeg    . . .      Spirit   .   b - +0 leather armour
rPois   .          Reflect  .   (no helmet)
rElec   .          Harm     .   (no cloak)
rCorr   .          Rampage  .   (no gloves)
Will    .....                   (no boots)
Stlth   +.........              (no amulet)
HPRegen 0.12/turn               i - +4 ring of protection
MPRegen 0.12/turn               r - ring of wizardry

@: no status effects
A: fangs 1, strong nose, distributed training
a: no special abilities


You were on level 4 of the Dungeon.
You visited 1 branch of the dungeon, and saw 4 of its levels.

You collected 134 gold pieces.

Inventory:

Hand Weapons
 a - a +0 spear (weapon)
 j - a +2 hand axe of flaming
Missiles
 d - 5 boomerangs of dispersal (quivered)
 e - 59 sling bullets
 h - 91 stones
 k - 20 bolts
 m - 20 arrows
 v - 3 poisoned darts
Armour
 b - a +0 leather armour (worn)
Jewellery
 i - a +4 ring of protection (left hand)
 r - a ring of wizardry (right hand)
Scrolls
 c - 2 scrolls of blinking
 g - 3 scrolls of identify {unknown}
 n - a scroll of magic mapping {unknown}
 o - 2 scrolls of teleportation {unknown}
 p - a scroll of acquirement {unknown}
 s - a scroll of fog {unknown}
 t - a scroll of amnesia {unknown}
 w - a scroll of summoning {unknown}
 x - a scroll of vulnerability {unknown}
Potions
 f - 4 potions of invisibility {unknown}
 l - a potion of degeneration {unknown}
 q - a potion of might {unknown}
 u - a potion of flight {unknown}
 z - a potion of haste {unknown}
 A - 2 potions of brilliance {unknown}
 B - a potion of magic {unknown}


   Skills:
 + Level 4.7 Fighting
 + Level 1.2 Short Blades
 + Level 1.2 Long Blades
 + Level 1.2 Axes
 + Level 1.2 Maces & Flails
 + Level 4.7 Polearms
 + Level 1.2 Staves
 + Level 1.2 Slings
 + Level 1.2 Bows
 + Level 1.2 Crossbows
 + Level 2.8 Throwing
 + Level 2.8 Armour
 + Level 4.7 Dodging
 + Level 1.2 Stealth
 + Level 1.2 Shields
 + Level 1.2 Unarmed Combat
 + Level 5.1 Spellcasting
 + Level 1.0 Conjurations
 + Level 1.0 Hexes
 + Level 1.0 Summonings
 + Level 1.0 Necromancy
 + Level 5.5 Translocations
 + Level 1.0 Transmutations
 + Level 1.0 Fire Magic
 + Level 1.0 Ice Magic
 + Level 1.0 Air Magic
 + Level 1.0 Earth Magic
 + Level 1.0 Poison Magic
 + Level 1.4 Invocations
 + Level 1.2 Evocations


You had 11 spell levels left.
You knew the following spells:

 Your Spells              Type           Power      Damage    Failure   Level
a - Blink                 Tloc           32%        N/A       1%          2

Your spell library contained the following spells:

 Spells                   Type           Power      Damage    Failure   Level
 Gell's Gravitas          Tloc           16%        N/A       3%          3
 Lesser Beckoning         Tloc           16%        N/A       3%          3
 Teleport Other           Tloc           16%        N/A       3%          3
 Tukima's Dance           Hex            5%         N/A       19%         3
 Manifold Assault         Tloc           16%        N/A       28%         5
 Anguish                  Hex/Necr       2%         N/A       52%         4
 Enfeeble                 Hex            2%         N/A       100%        7


Dungeon Overview and Level Annotations

Branches:
Dungeon (4/15)
 Temple: D:4-7

Altars:
Dithmenos

Annotations:
D:4 Natasha


Innate Abilities, Weirdness & Mutations

You have very sharp teeth.
Your uncanny sense of smell can sniff out nearby items.
Your experience applies equally to all skills.


Message History

The iguana completely misses you.
You hit the iguana.
The iguana is heavily wounded.
The iguana closely misses you.
You hit the iguana but do no damage.
The iguana is heavily wounded.
The iguana barely misses you.
You hit the iguana but do no damage.
The iguana is heavily wounded.
The iguana closely misses you.
You hit the iguana but do no damage.
The iguana is heavily wounded.
The iguana misses you.
You hit the iguana but do no damage.
The iguana is heavily wounded.
The iguana bites you but does no damage.
You hit the iguana but do no damage.
The iguana is heavily wounded.
You hit the iguana. Your bite misses the iguana.
The iguana is severely wounded.
The iguana bites you but does no damage.
You hit the iguana but do no damage.
The iguana is severely wounded.
The iguana closely misses you.
You barely miss the iguana.
The iguana is severely wounded.
The iguana barely misses you.
You hit the iguana.
The iguana is almost dead.
The iguana bites you!
* * * LOW HITPOINT WARNING * * *
You hit the iguana but do no damage.
The iguana is almost dead.
The iguana hisses menacingly.
The iguana bites you.
* * * LOW HITPOINT WARNING * * *
You barely miss the iguana.
The iguana is almost dead.
The iguana bites you!
You die...

# .# ### ..# ∆ #.. .. #..
#.# ##. ##.. ## ## #..
###### #
.###..#.####....###########
.........l@................
..#.....###################
#....[# #.....# #######


You could see an iguana.

Vanquished Creatures
  A hound (D:3)
  3 adders
  A dart slug (D:2)
  4 orcs (D:3)
  A bat (D:2)
  2 endoplasms
  A giant cockroach (D:3)
  9 goblins
  4 hobgoblins
  A quokka (D:4)
  7 ball pythons
  6 frilled lizards
  6 rats
46 creatures vanquished.

Notes
Turn   | Place    | Note
-------+----------+-------------------------------------------
     0 | D:1      | Ablot the Gnoll Warper began the quest for the Orb.
     0 | D:1      | Reached XP level 1. HP: 20/20 MP: 6/6
    45 | D:1      | Found a faded altar of an unknown god.
   294 | D:1      | Reached XP level 2. HP: 26/26 MP: 7/7
   297 | D:1      | Learned a level 2 spell: Blink
  1417 | D:2      | Reached XP level 3. HP: 31/31 MP: 9/9
  1443 | D:2      | Reached skill level 5 in Spellcasting
  1589 | D:2      | Reached skill level 1 in Invocations
  1982 | D:3      | Found a shadowy altar of Dithmenos.
  1987 | D:3      | Reached skill level 1 in Short Blades
  1987 | D:3      | Reached skill level 1 in Long Blades
  1987 | D:3      | Reached skill level 1 in Axes
  1987 | D:3      | Reached skill level 1 in Maces & Flails
  1987 | D:3      | Reached skill level 1 in Staves
  1987 | D:3      | Reached skill level 1 in Slings
  1987 | D:3      | Reached skill level 1 in Bows
  1987 | D:3      | Reached skill level 1 in Crossbows
  1987 | D:3      | Reached skill level 1 in Stealth
  1987 | D:3      | Reached skill level 1 in Shields
  1987 | D:3      | Reached skill level 1 in Unarmed Combat
  1987 | D:3      | Reached skill level 1 in Evocations
  2210 | D:3      | Reached XP level 4. HP: 33/38 MP: 11/11
  2585 | D:3      | You fall into a shaft and drop 1 floor!
  2615 | D:3      | Reached skill level 1 in Conjurations
  2615 | D:3      | Reached skill level 1 in Hexes
  2615 | D:3      | Reached skill level 1 in Summonings
  2615 | D:3      | Reached skill level 1 in Necromancy
  2615 | D:3      | Reached skill level 1 in Transmutations
  2615 | D:3      | Reached skill level 1 in Fire Magic
  2615 | D:3      | Reached skill level 1 in Ice Magic
  2615 | D:3      | Reached skill level 1 in Air Magic
  2615 | D:3      | Reached skill level 1 in Earth Magic
  2615 | D:3      | Reached skill level 1 in Poison Magic
  3013 | D:4      | Noticed Natasha
  3013 | D:4      | Noticed an ogre
  3157 | D:4      | Slain by an iguana

Illustrated notes

Levels and vault maps discovered:
D:1:      matt_arrival_los_fun, layout_basic, chequers_ecumenical_altar_lobes,
          minmay_hexomino_u4
D:2:      minmay_inner_zag, layout_basic
D:3:      layout_basic, grunt_dithmenos_smoke, solitary_fountain
D:4:      layout_rooms, minmay_puff, uniq_natasha, uniq_eustachio

Skill      XL: |  1  2  3  4 |
---------------+-------------+-----
Spellcasting   | 5 |  5.1
Invocations    | 1 |  1.4
Short Blades   | 1 |  1.2
Long Blades    | 1 |  1.2
Axes           | 1 |  1.2
Maces & Flails | 1 |  1.2
Staves         | 1 |  1.2
Slings         | 1 |  1.2
Bows           | 1 |  1.2
Crossbows      | 1 |  1.2
Stealth        | 1 |  1.2
Shields        | 1 |  1.2
Unarmed Combat | 1 |  1.2
Evocations     | 1 |  1.2
Conjurations   | 1 |  1.0
Hexes          | 1 |  1.0
Summonings     | 1 |  1.0
Necromancy     | 1 |  1.0
Transmutations | 1 |  1.0
Fire Magic     | 1 |  1.0
Ice Magic      | 1 |  1.0
Air Magic      | 1 |  1.0
Earth Magic    | 1 |  1.0
Poison Magic   | 1 |  1.0
Fighting       | |  4.7
Polearms       | |  4.7
Throwing       | |  2.8
Armour         | |  2.8
Dodging        | |  4.7
Translocations | |  5.5

Action                   |  1- 3 |  4- 6 || total
-------------------------+-------+-------++-------
Melee: Spear             |   157 |    89 ||   246
       Bite              |     8 |     8 ||    16
       Punch             |     1 |     1 ||     2
 Stab: Sleeping          |     2 |       ||     2
Armor: Leather armour    |    32 |    18 ||    50
Dodge: Dodged            |    64 |    43 ||   107
